Map: Inside and Out

Players

Harstem - Winner!

  • Race: Protoss Protoss
  • Spawn Location: 7:00

Bunny

  • Race: Terran Terran
  • Spawn Location: 1:00

Event: DreamHack SC2 Masters 2022 Atlanta (Offline)

VOD

Have the link to the VOD?

Description

Time

  • Played on: Nov. 18, 2022, 2:06 p.m.
  • Length: 15:34

All games in this series

Show
View Real Time Build Order
Export as new Build Order

Harstem Protoss - Winner!

Build Orders: 1 Gate Expand, Phoenix Opening, Carriers 

Get SALT Encoding   

  12  0:00  Probe  
  13  0:12  Probe  
  14  0:17  Pylon  
  14  0:24  Probe (Chrono Boost)  
  15  0:36  Gateway, Probe (Chrono Boost)  
  16  0:44  Probe (Chrono Boost)  
  16  0:46  Assimilator  
  17  0:51  Probe  
  18  1:03  Probe  
  19  1:15  Probe  
  20  1:23  Cybernetics Core  
  20  1:34  Nexus  
  20  1:41  Pylon  
  20  1:44  Probe  
  21  1:50  Assimilator  
  21  1:57  Adept (Chrono Boost)  
  21  2:00  Probe  
  24  2:13  Probe  
  24  2:19  Adept (Chrono Boost)  
  26  2:24  Stargate  
  26  2:25  Probe  
  28  2:37  Probe  
  28  2:38  Warp Gate  
  28  2:40  Adept  
  28  2:42  Shield Battery  
  30  2:47  Probe  
  30  2:49  Probe  
  32  2:59  Probe  
  32  3:01  Probe  
  34  3:07  Phoenix (Chrono Boost)  
  34  3:11  Probe  
  37  3:13  Probe  
  38  3:20  Pylon  
  38  3:23  Phoenix (Chrono Boost), Probe  
  41  3:27  Probe  
  41  3:30  Assimilator  
  42  3:35  Probe  
  42  3:39  Robotics Facility, Probe  
  44  3:47  Probe  
  45  3:51  Probe  
  46  3:59  Probe  
  46  4:01  Phoenix  
  49  4:03  Probe  
  50  4:11  Probe, Pylon  
  50  4:15  Probe  
  52  4:18  Assimilator  
  52  4:24  Probe  
  53  4:27  Probe  
  53  4:28  Phoenix  
  56  4:33  Immortal (Chrono Boost)  
  56  4:36  Probe  
  61  4:39  Probe  
  61  4:40  Pylon  
  61  4:42  Robotics Bay  
  62  4:58  Phoenix  
  62  4:59  Probe  
  64  5:00  Stalker, Pylon  
  64  5:02  Probe, Pylon  
  68  5:16  Pylon  
  71  5:23  Phoenix  
  69  5:29  Probe  
  69  5:32  Zealot  
  69  5:34  Robotics Facility  
  72  5:36  Probe  
  72  5:41  Probe  
  72  5:42  Pylon  
  74  5:45  Nexus  
  74  5:48  Phoenix (Chrono Boost), Probe  
  77  5:54  Probe  
  78  6:03  Probe  
  79  6:07  Probe, Pylon  
  79  6:10  Phoenix (Chrono Boost)  
  82  6:15  Probe, Stalker  
  82  6:18  Gateway  
  83  6:31  Phoenix (Chrono Boost)  
  85  6:34  Disruptor (Chrono Boost)  
  85  6:38  Zealot  
  85  6:39  Probe  
  91  6:41  Robotics Bay  
  87  6:50  Gateway  
  87  6:51  Probe  
  87  6:53  Gateway  
  87  6:54  Phoenix (Chrono Boost)  
  87  6:57  Probe  
  87  6:59  Zealot, Pylon  
  91  7:05  Probe  
  91  7:06  Shield Battery  
  91  7:07  Immortal (Chrono Boost)  
  94  7:14  Zealot  
  96  7:19  Zealot  
  96  7:21  Probe  
  99  7:24  Shield Battery  
  99  7:26  Assimilator  
  95  7:36  Phoenix (Chrono Boost)  
  83  7:39  Zealot x2  
  83  7:43  Colossus (Chrono Boost)  
  85  7:52  Probe  
  85  7:54  Zealot x2  
  85  7:55  Probe  
  89  8:00  Phoenix (Chrono Boost)  
  89  8:01  Zealot  
  89  8:02  Zealot  
  89  8:05  Probe  
  96  8:06  Pylon  
  96  8:07  Probe  
  97  8:16  Stalker x2  
  97  8:17  Phoenix, Probe  
  97  8:19  Probe  
  103  8:22  Zealot x2  
  103  8:32  Probe x2  
  96  8:35  Probe  
  97  8:43  Phoenix (Chrono Boost)  
  97  8:44  Probe  
  100  8:48  Assimilator  
  100  8:53  Probe  
  100  8:54  Assimilator  
  100  8:55  Forge  
  101  8:57  Sentry  
  101  8:58  Zealot x2  
  107  9:04  Colossus (Chrono Boost)  
  107  9:09  Protoss Air Weapons Level 1  
  113  9:13  Pylon  
  113  9:23  Phoenix  
  113  9:24  Extended Thermal Lance (Chrono Boost)  
  115  9:26  Stargate  
  115  9:28  Probe  
  116  9:31  Shield Battery  
  116  9:33  Pylon  
  116  9:36  Shield Battery  
  116  9:37  Protoss Ground Weapons Level 1  
  116  9:38  Pylon  
  114  9:48  Phoenix (Chrono Boost)  
  114  9:49  Zealot  
  118  9:52  Colossus (Chrono Boost)  
  124  10:04  Fleet Beacon  
  124  10:08  Zealot x3  
  124  10:10  Pylon  
  124  10:11  Phoenix (Chrono Boost)  
  132  10:21  Phoenix (Chrono Boost)  
  134  10:26  Zealot  
  136  10:28  Photon Cannon  
  136  10:33  Pylon  
  138  10:38  Pylon  
  138  10:41  Disruptor (Chrono Boost)  
  138  10:44  Nexus  
  138  10:45  Anion Pulse-Crystals (Chrono Boost)  
  138  10:46  Phoenix  
  141  10:50  Pylon  
  141  10:51  Probe  
  142  11:03  Phoenix (Chrono Boost)  
  144  11:11  Phoenix (Chrono Boost)  
  144  11:13  Probe x2  
  144  11:14  Shield Battery  
  144  11:17  Photon Cannon  
  146  11:18  Protoss Air Weapons Level 2 (Chrono Boost)  
  146  11:24  Carrier (Chrono Boost), Zealot x2  
  156  11:26  Pylon  
  156  11:27  Phoenix (Chrono Boost)  
  158  11:33  Probe, Assimilator  
  158  11:37  Assimilator  
  158  11:39  Probe  
  160  11:41  Probe  
  160  11:42  Photon Cannon  
  161  11:48  Disruptor (Chrono Boost)  
  161  11:50  Carrier (Chrono Boost)  
  170  11:55  Photon Cannon  
  170  12:00  Pylon  
  170  12:03  Probe  
  171  12:11  Pylon  
  171  12:14  Stargate  
  171  12:15  Probe  
  172  12:27  Carrier (Chrono Boost)  
  172  12:28  Disruptor  
  181  12:45  Nexus  
  181  12:50  Stargate  
  187  12:53  Carrier (Chrono Boost), Protoss Shields Level 1  
  187  12:54  Pylon  
  187  12:59  Photon Cannon  
  187  13:01  Shield Battery  
  193  13:13  Carrier (Chrono Boost)  
  193  13:17  Carrier (Chrono Boost)  
  191  13:24  Adept  
  185  13:27  Photon Cannon  
  185  13:30  Photon Cannon  
  185  13:37  Carrier (Chrono Boost)  
  191  13:49  Cybernetics Core  
  189  13:58  Photon Cannon  
  195  14:03  Carrier (Chrono Boost)  
  195  14:04  Photon Cannon  
  195  14:14  Pylon  
  195  14:26  Carrier  
  182  14:52  Disruptor (Chrono Boost)  
  188  14:57  Robotics Facility  
  191  15:01  Assimilator  
  191  15:03  Assimilator  
Show
View Real Time Build Order
Export as new Build Order

Bunny Terran 

Build Orders: Cyclone Opening 

Get SALT Encoding   

  12  0:00  SCV  
  13  0:12  SCV  
  14  0:17  Supply Depot  
  14  0:24  SCV  
  15  0:38  SCV  
  15  0:40  Barracks  
  16  0:42  Refinery  
  16  0:50  SCV  
  16  0:52  Refinery  
  17  1:02  SCV  
  18  1:07  Supply Depot  
  18  1:15  SCV  
  19  1:26  Reaper  
  19  1:27  Orbital Command  
  20  1:41  Factory  
  20  1:52  SCV  
  21  1:59  Barracks Reactor  
  21  2:04  SCV  
  22  2:15  Command Center  
  22  2:17  SCV  
  23  2:25  Factory Tech Lab  
  23  2:29  SCV  
  24  2:31  Supply Depot  
  24  2:34  Marine x2  
  26  2:41  SCV  
  27  2:45  Cyclone  
  30  2:53  Marine x2  
  30  2:56  SCV  
  33  3:01  Starport  
  33  3:08  SCV  
  33  3:11  Marine x2  
  36  3:18  Siege Tank  
  39  3:26  SCV  
  40  3:28  Orbital Command  
  40  3:29  Marine  
  40  3:31  Marine  
  42  3:38  Viking  
  44  3:42  SCV  
  44  3:47  Marine  
  46  3:49  Marine  
  46  3:52  Cyclone  
  50  3:57  Supply Depot  
  50  3:59  SCV  
  50  4:00  SCV  
  51  4:05  Marine  
  51  4:07  Marine  
  53  4:15  SCV  
  54  4:18  Viking  
  54  4:19  SCV  
  54  4:22  Supply Depot  
  54  4:23  Marine  
  58  4:25  Siege Tank, Marine  
  62  4:36  SCV  
  62  4:39  Supply Depot  
  62  4:43  SCV, Marine x2  
  65  4:48  Medivac  
  65  4:50  Barracks, SCV  
  68  4:55  SCV  
  69  5:03  Supply Depot, Siege Tank  
  69  5:04  Engineering Bay  
  72  5:17  Bunker, Marine x2  
  75  5:21  SCV x2  
  75  5:22  Viking  
  75  5:28  Bunker  
  73  5:41  SCV x2  
  75  5:46  Marine x2  
  75  5:47  Barracks Tech Lab  
  77  5:51  Barracks  
  77  5:56  SCV  
  79  5:57  SCV  
  79  6:02  Missile Turret  
  79  6:03  Refinery  
  79  6:04  Marine  
  79  6:05  Marine  
  81  6:14  Marine  
  81  6:15  Stimpack, Starport Reactor  
  82  6:24  SCV x2  
  84  6:32  Marine x2  
  86  6:34  Marine  
  86  6:37  Supply Depot  
  86  6:38  Supply Depot  
  86  6:39  Refinery  
  85  6:42  Barracks Tech Lab  
  85  6:43  SCV  
  85  6:44  SCV  
  85  6:45  Siege Tank  
  87  6:50  Marine x2  
  89  6:57  Bunker  
  89  7:00  Bunker, Marine x2  
  91  7:02  Combat Shield  
  91  7:06  Medivac  
  91  7:07  Marine  
  94  7:11  Bunker  
  94  7:15  SCV x2  
  90  7:30  Marine x3  
  72  7:48  Marine x3  
  70  7:57  Marine  
  71  8:00  Barracks, Medivac x2  
  71  8:01  Barracks  
  71  8:02  SCV x2  
  71  8:04  Terran Infantry Weapons Level 1  
  71  8:05  Command Center  
  77  8:06  Marine x2  
  79  8:16  Marauder, Marine  
  79  8:23  SCV  
  79  8:24  SCV, Marauder, Marine  
  83  8:29  Siege Tank  
  82  8:39  Marauder  
  82  8:42  Marine x2  
  82  8:43  Medivac x2  
  82  8:45  Marauder  
  82  8:46  SCV x2  
  92  8:49  Barracks Tech Lab  
  92  8:51  Barracks Reactor  
  90  8:59  Marine x2  
  90  9:00  Marauder  
  90  9:01  Siege Tank  
  90  9:02  SCV x2  
  99  9:05  Concussive Shells  
  99  9:07  Marauder  
  101  9:10  Marauder  
  101  9:15  Medivac x2  
  107  9:17  Marine x2  
  109  9:26  SCV x2  
  109  9:29  Marauder x2  
  109  9:31  Marine x2  
  116  9:33  Siege Tank  
  116  9:34  Marauder  
  116  9:38  Orbital Command  
  122  9:41  Marine  
  122  9:42  Marine  
  124  9:46  Medivac x2  
  124  9:48  SCV x2  
  124  9:52  Marauder  
  117  9:55  Marauder  
  117  9:56  Marauder, Marine x2  
  117  9:59  Terran Infantry Armor Level 1  
  122  10:08  Siege Tank  
  122  10:12  Supply Depot  
  122  10:13  Supply Depot  
  125  10:21  Supply Depot x2  
  125  10:22  Marauder, Marine  
  125  10:23  Marine  
  126  10:29  Command Center  
  126  10:32  Viking x2  
  130  10:37  Refinery  
  130  10:41  SCV x3  
  133  10:43  Refinery  
  133  10:45  Siege Tank  
  136  10:51  Armory  
  136  10:57  SCV  
  136  10:58  SCV x2  
  129  11:11  Viking x2  
  129  11:15  Ghost Academy  
  129  11:17  Siege Tank  
  136  11:23  Sensor Tower  
  136  11:24  Missile Turret  
  134  11:33  Engineering Bay  
  134  11:43  Terran Ship Weapons Level 1, Ghost x2  
  134  11:46  Ghost  
  138  11:47  Missile Turret  
  138  11:49  Supply Depot  
  138  11:52  SCV x2  
  138  11:53  SCV  
  143  12:00  Missile Turret  
  143  12:02  Terran Infantry Weapons Level 2  
  143  12:04  Barracks  
  143  12:05  Barracks  
  143  12:06  Barracks  
  143  12:08  SCV x3  
  145  12:10  Marine x4  
  145  12:11  Missile Turret  
  145  12:15  Planetary Fortress  
  150  12:20  Siege Tank  
  150  12:22  SCV x2  
  155  12:23  SCV  
  155  12:26  Refinery  
  155  12:28  Refinery  
  156  12:34  Sensor Tower  
  156  12:41  Medivac  
  156  12:42  Medivac  
  159  12:44  SCV x3  
  161  12:52  Terran Infantry Armor Level 2  
  161  12:53  Ghost  
  163  13:02  Command Center  
  163  13:03  Marauder x2  
  167  13:13  Barracks Tech Lab  
  167  13:14  Barracks Reactor, Barracks Tech Lab  
  167  13:15  Enhanced Shockwaves  
  167  13:28  Starport  
  167  13:30  SCV x4, Armory  
  167  13:31  Starport  
  157  13:42  SCV x4  
  155  13:51  Viking  
  155  13:52  Viking  
  155  13:54  SCV x4  
  153  13:55  Thor  
  159  14:03  Factory  
  159  14:04  Factory  
  159  14:05  Ghost x2  
  159  14:06  SCV  
  167  14:16  Command Center  
  147  14:39  Viking x2  
  147  14:40  Thor  
  147  14:42  Marauder x5, Marine x2  
  152  14:45  Marine x2  
  152  14:46  Marine  
  152  14:48  Factory Tech Lab x2  
  155  15:03  Marauder  
  155  15:06  Missile Turret  
  169  15:18  Missile Turret  
Tags
 
Add a new tag
Caveats
  • Supply blocks, unpowered buildings, or Contaminate may cause inaccurate times.
  • Supply counts are checked every 10 seconds.